 Dungeon Crawl Stone Soup version 0.28.0-1-gb440e238dd (webtiles) character file.

Game seed: 4174993593358766659

160 hawla the Conjurer (level 5, 0/39 HPs)
             Began as a Draconian Conjurer on Feb 21, 2022.
             Slain by an orc warrior (13 damage)
             ... on level 3 of the Dungeon.
             The game lasted 00:11:18 (3885 turns).

hawla the Conjurer (Draconian Conjurer)             Turns: 3885, Time: 00:11:18

Health: 0/39       AC:  7    Str:  9    XL:     5   Next: 17%
Magic:  2/9        EV: 16    Int: 21    God:
Gold:   113        SH:  0    Dex:  9    Spells: 3/10 levels left

rFire   . . .      SeeInvis .   i - +2 short sword (venom)
rCold   . . .      Faith    .   (no shield)
rNeg    . . .      Spirit   .   (armour unavailable)
rPois   .          Reflect  .   (helmet restricted)
rElec   .          Harm     .   b - +0 cloak
rCorr   .          Rampage  .   (no gloves)
Will    .....                   h - +0 pair of boots
Stlth   ++........              (no amulet)
HPRegen 0.13/turn               c - +4 ring of evasion
MPRegen 0.11/turn               (no ring)

@: very slightly contaminated
A: AC +5, unfitting armour, cold-blooded
a: no special abilities


You were on level 3 of the Dungeon.
You visited 1 branch of the dungeon, and saw 4 of its levels.

You collected 113 gold pieces.

Inventory:

Hand Weapons
 i - a +2 short sword of venom (weapon)
Missiles
 a - 3 silver boomerangs (quivered)
 e - 6 javelins
 n - 5 poisoned darts
Armour
 b - a +0 cloak (worn)
 h - a +0 pair of boots (worn)
Jewellery
 c - a +4 ring of evasion (left hand)
Scrolls
 g - 2 scrolls of magic mapping
Potions
 d - a potion of curing
 f - a potion of degeneration {unknown}
 j - a potion of brilliance {unknown}
 k - 2 potions of lignification {unknown}
 l - a potion of mutation {unknown}


   Skills:
 + Level 0.3 Fighting
 + Level 2.4 Dodging
 + Level 3.1 Stealth
 + Level 3.0 Spellcasting
 + Level 4.9 Conjurations


You had 3 spell levels left.
You knew the following spells:

 Your Spells              Type           Power      Damage    Failure   Level
a - Magic Dart            Conj           92%        1d7       1%          1
b - Searing Ray           Conj           46%        2d6       2%          2
c - Iskenderun's Mystic   Conj/Tloc      13%        2d5       43%         4

Your spell library contained the following spells:

 Spells                   Type           Power      Damage    Failure   Level
 Dazzling Flash           Conj/Hex       26%        N/A       14%         3
 Fulminant Prism          Conj/Hex       6%         3d7       43%         4


Dungeon Overview and Level Annotations

Branches:
Dungeon (4/15)
 Temple: D:4-7

Altars:
Sif Muna


Innate Abilities, Weirdness & Mutations

Your plain brown scales are hard. (AC +5)
You cannot fit into any form of body armour.
You are cold-blooded and may be slowed by cold attacks.


Message History

You miscast Iskenderun's Mystic Blast.
Nothing appears to happen.
The orc warrior barely misses you. The orc misses you.
The orc barely misses you.
As you read the scroll labelled ISARHUI ZEUMM, it crumbles to dust.
The scroll dissolves into smoke.
It was a scroll of fog.
The orc warrior misses you. The orc closely misses you. x2
You closely miss the orc. The orc warrior closely misses you.
The orc hits you but does no damage. The orc closely misses you.
Unknown command.
You closely miss the orc. The orc warrior closely misses you.
The orc misses you. The orc hits you but does no damage.
You closely miss the orc. The orc warrior misses you.
The orc barely misses you. The orc hits you with a +0 dagger.
You hit the orc but do no damage.
The orc is poisoned.
Your tail-slap misses the orc.
The orc warrior completely misses you. The orc barely misses you.
The orc hits you but does no damage. The orc warrior closely misses you.
You hit the orc.
The orc is poisoned.
The orc is severely wounded.
You kill the orc!
The orc closely misses you. The orc warrior completely misses you.
You hit the orc warrior but do no damage.
The orc warrior is poisoned.
The orc misses you.
The orc warrior hits you with a +0 long sword.
You hit the orc warrior.
The orc warrior looks as sick as possible!
You tail-slap the orc warrior, but do no damage.
The orc warrior is lightly wounded.
The orc barely misses you.
The orc warrior hits you with a +0 long sword.
The orc hits you but does no damage.
You closely miss the orc warrior.
The orc warrior is lightly wounded.
The orc warrior hits you with a +0 long sword!
* * * LOW HITPOINT WARNING * * *
The orc hits you with a +0 club.
* * * LOW HITPOINT WARNING * * *
It was a potion of curing.
You feel better.
The orc warrior hits you with a +0 long sword!
You die...

### ########## ..#
#........# #.#
#.######.# #.###
###§######.########
....#
##.#§o@o§..........#
#.#.#
#..§§§###...###.##.####
#.#.# ##.#§§#
#..>.....#..... #.#.#
#.#§.###...#....<..###
..#.#
#.#........##...#.....
###.#
#.#>..................
###.####
#.############.###.###
#......# #.# #.# #.# #
#.#.##.# #.# ##+###.###


You could see an orc warrior (extremely poisoned) and an orc (poisoned).

Vanquished Creatures
  Jessica (D:2)
  2 adders (D:3)
  A worm (D:3)
  4 orcs (D:3)
  5 bats
  5 endoplasms
  3 giant cockroaches
  9 goblins
  13 hobgoblins
  7 jackals (D:1)
  6 kobolds
  3 quokkas
  5 ball pythons
  4 frilled lizards
  7 rats
75 creatures vanquished.

Vanquished Creatures (others)
  An orc wizard (D:3)
1 creature vanquished.

Grand Total: 76 creatures vanquished

Notes
Turn   | Place    | Note
-------+----------+-------------------------------------------
     0 | D:1      | hawla the Draconian Conjurer began the quest for the Orb.
     0 | D:1      | Reached XP level 1. HP: 14/14 MP: 3/3
   210 | D:1      | Reached XP level 2. HP: 13/20 MP: 1/5
   213 | D:1      | Learned a level 2 spell: Searing Ray
   842 | D:1      | Reached XP level 3. HP: 26/26 MP: 2/6
  1203 | D:1      | Found a faded altar of an unknown god.
  1663 | D:2      | Noticed Jessica
  1670 | D:2      | Killed Jessica
  1671 | D:2      | Reached XP level 4. HP: 31/33 MP: 0/7
  1676 | D:2      | Learned a level 4 spell: Iskenderun's Mystic Blast
  1879 | D:2      | Found a shimmering blue altar of Sif Muna.
  2862 | D:3      | Reached XP level 5. HP: 39/39 MP: 0/9
  3821 | D:4      | Noticed an orc warrior
  3885 | D:3      | Slain by an orc warrior

Illustrated notes

Levels and vault maps discovered:
D:1:      lightli_arrival_noodles, layout_loops_cross,
          ebering_ecumenical_altar_webs, serial_bayou_pond_e,
          minmay_pentomino_x2
D:2:      layout_basic, basic_altar, feat_on_display, uniq_jessica
D:3:      layout_loops_corners, minmay_increasing_density
D:4:      layout_cave_pods, minmay_temple_entry_arrows

Skill      XL: |  1  2  3  4  5 |
---------------+----------------+-----
Stealth        | 2 3 |  3.1
Dodging        | 2 |  2.4
Spellcasting   | 3 |  3.0
Fighting       | |  0.3
Conjurations   | |  4.9

Action                   |  1- 3 |  4- 6 || total
-------------------------+-------+-------++-------
Melee: Unarmed           |    29 |     4 ||    33
       Tailslap          |     3 |     8 ||    11
       Short sword       |       |    79 ||    79
 Cast: Magic Dart        |    43 |     5 ||    48
       Searing Ray       |     9 |     5 ||    14
       Iskenderun's Myst |       |     6 ||     6
  Use: Scroll            |     5 |     2 ||     7
       Potion            |       |     1 ||     1
 Stab: Sleeping          |       |     3 ||     3
Armor: Skin              |     7 |    22 ||    29
Dodge: Dodged            |    22 |    94 ||   116
